 Dungeon Crawl Stone Soup version 0.22-a0-252-gcace5d2 (webtiles) character file.

27 Amnesiac the Ducker (level 2, -3/16 HPs)
             Began as a Spriggan Fighter on Mar 1, 2018.
             Slain by a worm (9 damage)
             ... on level 2 of the Dungeon.
             The game lasted 00:00:46 (577 turns).

Amnesiac the Ducker (Spriggan Fighter)               Turns: 577, Time: 00:00:46

Health: -3/16      AC:  2    Str: 12    XL:     2   Next: 93%
Magic:  3/3        EV: 19    Int:  9    God:
Gold:   42         SH:  6    Dex: 15    Spells: 1/1 levels left

rFire    . . .     SeeInvis +   a - +0 long sword
rCold    . . .     Gourm    .   c - +0 buckler
rNeg     . . .     Faith    .   b - +0 robe
rPois    .         Spirit   .   (helmet restricted)
rElec    .         Reflect  .   (no cloak)
rCorr    .         Harm     .   (gloves unavailable)
MR       .....                  (boots unavailable)
Stlth    +.........             (no amulet)
HPRegen  0.05/turn              (no ring)
MPRegen  0.08/turn              (no ring)

@: very quick
A: very small, unfitting armour, see invisible, herbivore, speed 3, slow
metabolism 2
a: no special abilities


You were on level 2 of the Dungeon.
You were not hungry.

You visited 1 branch of the dungeon, and saw 2 of its levels.

You collected 42 gold pieces.

Inventory:

Hand Weapons
 a - a +0 long sword (weapon)
Missiles
 i - 37 stones (quivered)
Armour
 b - a +0 robe (worn)
 c - a +0 buckler (worn)
Scrolls
 h - 2 scrolls of identify {!r, unknown}
 j - a scroll of remove curse {!r, unknown}
 l - a scroll of teleportation {!r, unknown}
Potions
 d - a potion of might {!q}
 e - a potion of curing {!q, unknown}
 g - a potion of haste {!q, unknown}
 k - a potion of degeneration {!q, unknown}
Comestibles
 f - 3 rations


   Skills:
 + Level 2.6 Fighting
 * Level 2.1 Long Blades
 + Level 4.8 Dodging
 + Level 2.4 Shields


You had one spell level left.
You didn't know any spells.

Dungeon Overview and Level Annotations

Branches:
Dungeon (2/15)

Altars:


Innate Abilities, Weirdness & Mutations

You are very small and have problems with some larger weapons.
You are too small for most types of armour.
You have supernaturally acute eyesight. (SInv)
You are a herbivore.
You cover ground extremely quickly.
You need consume almost no food.


Message History

Found a scroll labeled HUQOMM FONGU.
A rat is nearby!
You hit the rat.
The rat is heavily wounded.
The rat completely misses you.
A rat is nearby!
You hit the rat.
You kill the rat!
A rat comes into view.
You see here a scroll labeled HUQOMM FONGU {!r}.
A rat is nearby!
A rat is nearby!
A rat is nearby!
A rat is nearby!
A worm comes into view.
There are monsters nearby!
You block the rat's attack.
The worm moves out of view.
You see here 6 gold pieces.
A rat is nearby!
You closely miss the rat. The rat misses you.
You riposte.
You barely miss the rat.
A rat is nearby!
You completely miss the rat. The rat completely misses you.
A rat is nearby!
You slash the rat!
You kill the rat!
You now have 42 gold pieces (gained 6).
The worm is too close now for your liking.
A worm is nearby!
A worm is nearby!
Found an escape hatch in the ceiling.
A worm is nearby!
A worm is nearby!
You hit the worm.
The worm is moderately wounded.
A worm is nearby!
You hit the worm.
The worm is heavily wounded.
The worm misses you.
A worm is nearby!
You barely miss the worm.
The worm is moderately wounded.
The worm misses you.
A worm is nearby!
You barely miss the worm.
The worm is moderately wounded.
The worm closely misses you.
A worm is nearby!
You hit the worm.
The worm is heavily wounded.
A worm is nearby!
You hit the worm but do no damage.
The worm is heavily wounded.
The worm bites you!
Ouch! That really hurt!
* * * LOW HITPOINT WARNING * * *
You hit the worm but do no damage.
The worm is heavily wounded.
The worm misses you.
You hit the worm.
The worm is severely wounded.
The worm bites you!
Ouch! That really hurt!
You die...

... ### .#..
##......# #.......#
##.#.#..##.# .
....#..##.# ..
#w#...##.##### ...
##.@..........
....##...........#
................#
.<.#.†..........# ..
#........?..†## # .
#...#.##.###..# .
#.....##.####(######.
#...####.....(#......
#...# #####.[...>..#


You could see a worm.

Vanquished Creatures
  An ooze (D:1)
  A dart slug (D:1)
  A leopard gecko (D:1)
  3 bats
  A giant cockroach (D:1)
  2 goblins (D:1)
  A hobgoblin (D:1)
  4 frilled lizards
  4 kobolds (D:1)
  3 rats
21 creatures vanquished.

Notes
Turn   | Place    | Note
-------+----------+-------------------------------------------
     0 | D:1      | Amnesiac the Spriggan Fighter began the quest for the Orb.
     0 | D:1      | Reached XP level 1. HP: 11/11 MP: 2/2
     6 | D:1      | Noticed a wyvern
     6 | D:1      | Noticed a lindwurm
     6 | D:1      | Noticed a salamander
     6 | D:1      | Noticed a hog
   246 | D:1      | Reached XP level 2. HP: 12/16 MP: 3/3
   577 | D:2      | Slain by a worm

Vault maps used:
D:1:      onia_arrival_zoo_common
D:2:      minmay_tromino_v7

Skill      XL: |  1  2 |
---------------+-------+-----
Long Blades    | 2 |  2.1
Fighting       | |  2.6
Dodging        | |  4.8
Shields        | |  2.4

Action                   || total
-------------------------++-------
Melee: Long sword        ||    63
Armor: Robe              ||     1
Dodge: Dodged            ||    46
Block: Buckler           ||    19
       Rpst.: Long sword ||    15

Table legend:
 A = Spawn XP
 B = Non-spawn XP
 C = Spawn XP percentage of total XP
 D = Spawn monster count
 E = Non-spawn monster count
 F = Spawn count percentage of total count
 G = Total turns spent on level
                    A         B        C        D         E        F      G
               +---------+---------+-------+---------+---------+-------+---------
         Total |       0 |      39 |   0.0 |       0 |      21 |   0.0 |   577
               +---------+---------+-------+---------+---------+-------+---------
           D:1 |       0 |      34 |   0.0 |       0 |      17 |   0.0 |   508
           D:2 |       0 |       5 |   0.0 |       0 |       4 |   0.0 |    69
               +---------+---------+-------+---------+---------+-------+---------
